 Dungeon Crawl Stone Soup version 0.27-a0-1416-g941b2bd30b (webtiles) character file.

Game seed: 12838287637259929408

582 trckry the Firebug (level 7, -4/36 HPs)
             Began as a Deep Elf Fire Elementalist on July 1, 2021.
             Slain by Edmund (12 damage)
             ... on level 5 of the Dungeon.
             The game lasted 00:12:08 (4509 turns).

trckry the Firebug (Deep Elf Fire Elementalist)     Turns: 4509, Time: 00:12:08

Health: -4/36      AC:  5    Str:  7    XL:     7   Next: 14%
Magic:  1/13       EV: 12    Int: 20    God:
Gold:   197        SH:  0    Dex: 15    Spells: 8/12 levels left

rFire    + + .     SeeInvis .   k - +0 dagger (elec)
rCold    x . .     Faith    .   (no shield)
rNeg     . . .     Spirit   .   a - +0 robe
rPois    .         Reflect  .   l - +2 hat
rElec    .         Harm     .   j - +0 cloak
rCorr    .         Rampage  .   (no gloves)
Will     .....                  (no boots)
Stlth    ++........             (no amulet)
HPRegen  0.12/turn              g - ring of protection from fire
MPRegen  0.13/turn              i - ring of fire

@: no status effects
A: no striking features
a: no special abilities


You were on level 5 of the Dungeon.
You visited 1 branch of the dungeon, and saw 5 of its levels.

You collected 233 gold pieces.
You spent 36 gold pieces at shops.

Inventory:

Hand Weapons
 k - a +0 dagger of electrocution (weapon)
Missiles
 h - 8 datura-tipped darts (quivered)
 t - a throwing net
Armour
 a - a +0 robe (worn)
 j - a +0 cloak (worn)
 l - a +2 hat (worn)
Jewellery
 g - a ring of protection from fire (left hand)
 i - a ring of fire (right hand)
Wands
 p - a wand of charming (6)
Scrolls
 b - 4 scrolls of identify {unknown}
 e - 2 scrolls of teleportation {unknown}
 f - a scroll of noise {unknown}
 n - 2 scrolls of enchant weapon {unknown}
 o - a scroll of enchant armour {unknown}
Potions
 c - a potion of mutation {unknown}
 d - 2 potions of might {unknown}
 q - a potion of curing
 r - a potion of brilliance {unknown}
 s - a potion of heal wounds {unknown}
Miscellaneous
 m - a piece from Xom's chessboard (15/15)


   Skills:
 - Level 2.4 Dodging
 - Level 2.4 Stealth
 - Level 3.0 Spellcasting
 * Level 5.9 Conjurations
 * Level 6.8 Fire Magic


You had 8 spell levels left.
You knew the following spells:

 Your Spells              Type           Power      Damage    Failure   Level
a - Foxfire               Conj/Fire      100%       2x1d9     1%          1
b - Conjure Flame         Conj/Fire      42%        6-21      3%          3

Your spell library contained the following spells:

 Spells                   Type           Power      Damage    Failure   Level
 Magic Dart               Conj           100%       1d8       1%          1
 Inner Flame              Hex/Fire       24%        N/A       11%         3
 Sticky Flame             Conj/Fire      42%        2d6       11%         4
 Dazzling Flash           Conj/Hex       28%        N/A       13%         3
 Beastly Appendage        Tmut           6%         N/A       14%         1
 Mephitic Cloud           Conj/Pois/Air  10%        N/A       19%         3
 Call Imp                 Summ           3%         N/A       22%         2
 Sublimation of Blood     Necr           1%         N/A       22%         2
 Wereblood                Tmut           3%         N/A       22%         2
 Fireball                 Conj/Fire      21%        3d10      28%         5
 Portal Projectile        Hex/Tloc       6%         N/A       38%         3
 Spider Form              Tmut/Pois      1%         N/A       38%         3
 Tukima's Dance           Hex            3%         N/A       38%         3
 Irradiate                Conj/Tmut      7%         3d15      75%         5
 Passage of Golubria      Tloc           N/A        N/A       80%         4
 Petrify                  Tmut/Erth      3%         N/A       80%         4
 Agony                    Necr           3%         N/A       98%         5
 Blade Hands              Tmut           1%         N/A       98%         5
 Excruciating Wounds      Necr           1%         N/A       98%         5
 Silence                  Hex/Air        1%         N/A       98%         5
 Yara's Violent Unravell  Hex/Tmut       1%         3d3       98%         5


Dungeon Overview and Level Annotations

Branches:
Dungeon (5/15)
 Temple: D:4-7

Altars:
Makhleb
Xom

Shops:
D:4 *

Annotations:
D:3 1 runed translucent door, ThrustWizard's ghost, amateur MfMo
D:5 Edmund


Message History

Edmund is severely wounded.
You now have 1/13 mp.
The foxfire hits Edmund.
Edmund is almost dead.
Casting: Foxfire (safe; 1% risk of failure)
Confirm with . or Enter, or press ? or * to list all spells.
You feel a surge of power!
You conjure some foxfire!
The foxfire hits Edmund.
Edmund is almost dead.
You now have 1/13 mp.
Your foxfire dissipates!
There is a large open door here.
Casting: Foxfire (safe; 1% risk of failure)
Confirm with . or Enter, or press ? or * to list all spells.
You feel a surge of power!
You conjure some foxfire!
You now have 1/13 mp.
Your foxfire dissipates!
The foxfire hits Edmund.
Edmund is almost dead.
Edmund barely misses you.
Casting: Foxfire (safe; 1% risk of failure)
Confirm with . or Enter, or press ? or * to list all spells.
You feel a surge of power!
You conjure some foxfire!
Edmund hits you with a +2 flail of protection.
You now have 1/13 mp.
The foxfire hits Edmund but does no damage.
Edmund is almost dead.
The foxfire hits Edmund but does no damage.
Edmund is almost dead.
Casting: Foxfire (safe; 1% risk of failure)
Confirm with . or Enter, or press ? or * to list all spells.
You feel a surge of power!
You conjure some foxfire!
Edmund hits you with a +2 flail of protection!
* * * LOW HITPOINT WARNING * * *
You take 7 damage, and have 8/36 hp.
You now have 0/13 mp.
The foxfire hits Edmund but does no damage.
Edmund is almost dead.
The foxfire hits Edmund but does no damage.
Edmund is almost dead.
Edmund hits you with a +2 flail of protection!
You die...

# #....).# # #......# #
#......# #
#.####'##.##+# # #.#
#..#.##.####### # #.#
##.#.##.......# #
#.#####<......###.#
####.#........##.....#
#....#.####...##@....##
.....#.# #....@..<...#
...[.#.# #.........###
.....''####)....[..##
...)......).>......#
....[).............#
....(......#.#.....#
...........#'###'###
###'######.......####


You could see Edmund.

Vanquished Creatures
  An ogre (D:4)
  Blork the orc (D:4)
  A scorpion (D:4)
  A water moccasin skeleton (D:5)
  A gnoll shaman (D:5)
  Natasha (thrice) (D:4)
  9 gnolls
  6 adders
  A worm (D:4)
  A dart slug (D:2)
  4 orcs
  8 ball pythons
  3 endoplasms
  A giant cockroach (D:1)
  6 hobgoblins
  11 jackals
  2 quokkas
  7 bats
  3 frilled lizards
  4 goblins
  3 kobolds
  6 rats
83 creatures vanquished.

Vanquished Creatures (others)
  339 foxfires
339 creatures vanquished.

Grand Total: 422 creatures vanquished

Notes
Turn   | Place    | Note
-------+----------+-------------------------------------------
     0 | D:1      | trckry the Deep Elf Fire Elementalist began the quest for
                  | the Orb.
     0 | D:1      | Reached XP level 1. HP: 10/10 MP: 6/6
   307 | D:1      | Reached XP level 2. HP: 12/15 MP: 2/8
   874 | D:1      | Reached skill level 4 in Fire Magic
   969 | D:1      | Reached XP level 3. HP: 19/19 MP: 6/9
  1563 | D:2      | Found a faded altar of an unknown god.
  1820 | D:2      | Reached XP level 4. HP: 24/24 MP: 5/10
  2066 | D:3      | Found a runed translucent door.
  2072 | D:3      | Noticed a bullfrog
  2501 | D:3      | Found a burning altar of Makhleb.
  2833 | D:3      | Noticed ThrustWizard's ghost (amateur MfMo)
  2853 | D:3      | Learned a level 3 spell: Conjure Flame
  2854 | D:4      | Found a shimmering altar of Xom.
  2909 | D:4      | Reached skill level 5 in Fire Magic
  2909 | D:4      | Reached XP level 5. HP: 28/28 MP: 5/11
  3067 | D:4      | Noticed Natasha
  3070 | D:4      | Killed Natasha
  3147 | D:4      | Noticed Blork the orc
  3153 | D:4      | Killed Blork the orc
  3351 | D:4      | Noticed an ogre
  3363 | D:4      | Killed an ogre
  3364 | D:4      | Reached skill level 5 in Conjurations
  3364 | D:4      | Reached skill level 6 in Fire Magic
  3364 | D:4      | Reached XP level 6. HP: 32/32 MP: 7/12
  3522 | D:4      | Noticed Natasha
  3528 | D:4      | Killed Natasha
  3541 | D:4      | Noticed Natasha
  3550 | D:4      | Killed Natasha
  3738 | D:4      | Found Elasottu's General Store.
  3746 | D:4      | Bought a potion of curing for 36 gold pieces
  3886 | D:5      | Entered Level 5 of the Dungeon
  4090 | D:5      | Reached XP level 7. HP: 36/36 MP: 7/13
  4443 | D:5      | Noticed Edmund
  4509 | D:5      | Slain by Edmund

Illustrated notes

Levels and vault maps discovered:
D:1:      kilobyte_arrival_exit_the_forest, layout_basic
D:2:      layout_rooms, dilly_ecumenical_altar_fadedgnrine,
          kennysheep_generic_room_12
D:3:      layout_rooms, pf_just_have_faith, ebering_ghost_sewer_d,
          nicolae_underground_beach
D:4:      layout_loops_ring, xom_butterflies, serial_shops,
          nicolae_shop_waterfront, uniq_blork_the_orc, uniq_natasha
D:5:      layout_basic, lemuel_doored_altar, kennysheep_generic_room_4,
          uniq_edmund

Skill      XL: |  1  2  3  4  5 |
---------------+----------------+-----
Conjurations   | 2 3 5 |  5.9
Fire Magic     | 4 5 6 |  6.8
Dodging        | |  2.4
Stealth        | |  2.4
Spellcasting   | |  3.0

Action                   |  1- 3 |  4- 6 |  7- 9 || total
-------------------------+-------+-------+-------++-------
Melee: Dagger            |       |     2 |       ||     2
 Cast: Foxfire           |    68 |   111 |    35 ||   214
Armor: Robe              |     7 |     3 |     1 ||    11
Dodge: Dodged            |    17 |     7 |     6 ||    30

Table legend: (Time is in decaauts)
 A = Elapsed time spent in this place.
 B = Non-inter-level travel time spent in this place.
 C = Inter-level travel time spent in this place.
 D = Time resting spent in this place.
 E = Time spent auto-exploring this place.
 F = Levels seen in this place.
 G = Mean time per level.
                   A        B        C        D        E       F      G
               +--------+--------+--------+--------+--------+-----+--------+
         Total |   4518 |   4382 |    136 |    189 |   3483 |   5 |  903.6 |
       Dungeon |   4518 |   4382 |    136 |    189 |   3483 |   5 |  903.6 |
               +--------+--------+--------+--------+--------+-----+--------+

Top non-repeatable levels by time:
     D:4: 1242 daAuts
     D:1: 1143 daAuts
     D:2: 890 daAuts
     D:3: 829 daAuts
     D:5: 413 daAuts
